 Dungeon Crawl Stone Soup version 0.31-a0-968-g24f9ace8b5 (webtiles) character file.

Game seed: 15901287338491441334

76 Dittersdorf the Shield-Bearer (level 4, 0/29 HPs)
             Began as a Gargoyle Fighter on Oct 27, 2023.
             Slain by a gnoll
             ... wielding a +0 flail
              (3 damage)
             ... on level 2 of the Dungeon.
             The game lasted 00:00:56 (969 turns).

Dittersdorf the Shield-Bearer (Gargoyle Fighter)     Turns: 969, Time: 00:00:57

Health: 0/29       AC: 10    Str: 21    XL:     4   Next: 32%
Magic:  4/4        EV:  9    Int:  9    God:
Gold:   38         SH:  4    Dex:  9    Spells: 3/3 levels left

rFire   . . .        a - +0 flail
rCold   . . .        c - +0 buckler
rNeg    + . .        b - +0 scale mail
rPois   ∞            (no helmet)
rElec   +            (no cloak)
rCorr   .            (no gloves)
SInv    .            (no boots)
Will    .....        (no amulet) Stlth
                     (no ring)
HPRegen 0.24/turn    (no ring)
MPRegen 0.09/turn

%: no passive effects
@: no status effects
A: sickness immunity, AC +3, negative energy resistance 1, electricity
resistance, torment resistance 1, petrification resistance
a: no special abilities


You were on level 2 of the Dungeon.
You visited 1 branch of the dungeon, and saw 2 of its levels.

You collected 38 gold pieces.

Inventory:

Hand Weapons
 a - a +0 flail (weapon)
Armour
 b - a +0 scale mail (worn)
 c - a +0 buckler (worn)
Jewellery
 h - a ring of ice
Scrolls
 g - a scroll of teleportation {unknown}
 i - a scroll of immolation {unknown}
 j - a scroll of noise {unknown}
Potions
 d - a potion of might
 e - a potion of curing {unknown}
 f - a potion of enlightenment {unknown}


   Skills:
 + Level 3.9 Fighting
 + Level 2.8 Maces & Flails
 + Level 3.9 Armour
 + Level 4.0 Shields


You had 3 spell levels left.
You didn't know any spells.
Your spell library contained the following spells:

 Spells                   Type           Power      Damage    Failure   Level
 Summon Small Mammal      Summ           0%         N/A       78%         1
 Call Canine Familiar     Summ           0%         N/A       98%         3
 Summon Guardian Golem    Hex/Summ       0%         N/A       98%         3


Dungeon Overview and Level Annotations

Branches:
Dungeon (2/15)

Altars:


Innate Abilities, Weirdness & Mutations

You are immune to sickness and miasma.
Your stone body is resilient. (AC +3)
You are immune to poison.
You resist negative energy. (rN+)
You are resistant to electric shocks. (rElec)
You are resistant to unholy torment.
You are immune to petrification.


Message History

The gnoll hits you but does no damage. x2
You sock the gnoll!
You kill the gnoll!
The gnoll hits you from afar with a +0 halberd.
You block the gnoll's attack.
You have reached level 4!
You feel clever.
You sock the gnoll!
The gnoll is severely wounded.
You block the gnoll's attack. x2
You hit the gnoll.
You kill the gnoll!
The gnoll hits you from afar with a +0 halberd.
The gnoll barely misses you. The gnoll hits you but does no damage.
You barely miss the gnoll.
The gnoll hits you from afar with a +0 halberd.
The gnoll hits you with a +0 halberd. The gnoll closely misses you.
You barely miss the gnoll. The gnoll hits you but does no damage.
The gnoll barely misses you.
You closely miss the gnoll. The gnoll barely misses you.
The gnoll hits you but does no damage.
You hit the gnoll.
The gnoll is lightly wounded.
The gnoll hits you with a +0 flail. The gnoll barely misses you.
You block the gnoll's attack. x2
You sock the gnoll!
The gnoll is almost dead.
You block the gnoll's attack. The gnoll hits you but does no damage.
You closely miss the gnoll.
The gnoll is almost dead.
The gnoll hits you with a +0 flail!
* * * LOW HITPOINT WARNING * * *
The gnoll hits you but does no damage.
You hit the gnoll.
You kill the gnoll!
The gnoll hits you with a +0 flail.
* * * LOW HITPOINT WARNING * * *
Your Shields skill increases to level 4!
You hit the gnoll but do no damage. The gnoll hits you with a +0 flail.
You die...

# #..###.. # #.#....#
# #.##.#.# . #.##.#.#
# #.##.#.# # ###
#.##.#.###.### #.##
#†##.g).......
)#.########.....@)...#
###.#).........).....#
#
##..###########.......
##<# ####### # ##.##
###.## .#.## #.## ###


You could see a gnoll.

Vanquished Creatures
  An adder (D:2)
  4 gnolls
  A dart slug (D:1)
  2 ball pythons (D:1)
  4 endoplasms (D:1)
  A giant cockroach (D:1)
  4 goblins
  3 kobolds
  3 quokkas (D:1)
  A bat (D:1)
  A frilled lizard (D:1)
  A rat (D:1)
26 creatures vanquished.

Notes
Turn   | Place    | Note
-------+----------+-------------------------------------------
     0 | D:1      | Dittersdorf the Gargoyle Fighter began the quest for the
                  | Orb.
     0 | D:1      | Reached XP level 1. HP: 14/14 MP: 1/1
   132 | D:1      | Reached XP level 2. HP: 19/19 MP: 2/2
   343 | D:1      | Reached XP level 3. HP: 20/23 MP: 3/3
   959 | D:2      | Reached XP level 4. HP: 23/29 MP: 4/4
   969 | D:2      | Reached skill level 4 in Shields
   969 | D:2      | Slain by a gnoll

Illustrated notes

Levels and vault maps discovered:
D:1:      roderic_dead_forest, layout_basic, grunt_decor_junction,
          minmay_misc_feat_four_crosses
D:2:      layout_loops_ring, minmay_tall_x

Skill      XL: |  1  2  3  4 |
---------------+-------------+-----
Shields        | 4 |  4.0
Fighting       | |  3.9
Maces & Flails | |  2.8
Armour         | |  3.9

Action                     |  1- 3 |  4- 6 || total
---------------------------+-------+-------++-------
  Melee: Flail             |    83 |    10 ||    93
 Armour: Scale mail        |    57 |    12 ||    69
  Dodge: Dodged            |    40 |     5 ||    45
  Block: Buckler           |    17 |     5 ||    22

Table legend: (Time is in decaauts)
 A = Elapsed time spent in this place.
 B = Non-inter-level travel time spent in this place.
 C = Inter-level travel time spent in this place.
 D = Time resting spent in this place.
 E = Time spent auto-exploring this place.
 F = Levels seen in this place.
 G = Mean time per level.
                   A        B        C        D        E       F      G
               +--------+--------+--------+--------+--------+-----+--------+
         Total |    998 |    984 |     14 |      0 |    792 |   2 |  499.0 |
       Dungeon |    998 |    984 |     14 |      0 |    792 |   2 |  499.0 |
               +--------+--------+--------+--------+--------+-----+--------+

Top non-repeatable levels by time:
     D:1: 903 daAuts
     D:2: 94 daAuts
